AoeStats
← nnn_0

Arabia

510143652Analyzed
1v1 RM · 3d ago on Sep 29, 2026· 29m 30s· 2 players
Game mode
Random Map
Map size
Tiny (2 player)
Population
200
Speed
Normal
Resources
Standard
Victory
Conquest
Starting age
Dark Age
Ending age
Imperial Age
RankedLock teamsTeams togetherTeam positionsShared explorationLock speedFull tech treeHidden civsTurbo modeCheats
Victory
Defeat
🇪🇸 Vietnamese · Spain
668
+19
🇩🇪 Varangians · Germany
723
-19
Ioann1
5:21 Loom
7:51 Loom
10:49 Feudal Age
13:31 Double-Bit Axe
17:12 Fletching
22:19 Castle Age
24:05 Bodkin Arrow
23:35 Crossbowman
25:30 Elite Skirmisher
nnn_0
5:38 Loom
10:02 Feudal Age
10:28 Double-Bit Axe
12:41 Wheelbarrow
15:34 Horse Collar
16:47 Forging
16:33 Man-at-Arms
22:56 Castle Age
21:01 Stone Mining
24:51 Iron Casting
24:16 Scale Mail Armor
25:06 Elite Skirmisher
26:35 Fletching
Connection lost

Rejoining the realm…

Still unreachable

The connection could not be restored.

Session expired

The server has moved on; the page needs a fresh start.